 Dungeon Crawl Stone Soup version 0.23.0 (webtiles) character file.

Game seed: 11610126249961408495

54294 inmateoo the Martial Artist (level 14, -3/124 HPs)
             Began as a Gnoll Transmuter on Feb 9, 2019.
             Was the Champion of Cheibriados.
             Killed by drain life
             ... invoked by a soul eater
             ... summoned by an orc high priest
              (21 damage)
             ... on level 2 of the Orcish Mines.
             The game lasted 00:42:34 (17947 turns).

inmateoo the Martial Artist (Gnoll Transmuter)     Turns: 17947, Time: 00:42:35

Health: -3/124     AC: 25    Str: 30    XL:     14   Next: 72%
Magic:  5/28       EV: 17    Int: 46    God:    Cheibriados [******]
Gold:   569        SH: 19    Dex: 28    Spells: 11/34 levels left

rFire    + + +     SeeInvis +     - Unarmed
rCold    . . .     Gourm    .   P - +5 shield of Watchfulness {Int+4}
rNeg     . . .     Faith    .   j - +7 chain mail of Xaschiepo {rF+ Int+6}
rPois    .         Spirit   .   B - +2 hat of Emaseq {+Fly rF++ Dex-3 SInv}
rElec    .         Reflect  .   (no cloak)
rCorr    +         Harm     .   T - +2 pair of gloves {Str+3}
MR       ++...                  y - +0 pair of boots {Fly}
Stlth    ++........             J - amulet of Vitality {Regen+ HP+15}
HPRegen  0.70/turn              r - ring of resist corrosion
MPRegen  0.21/turn              N - ring of protection from magic

@: about to teleport, very slightly contaminated, very slow
A: distributed training, fangs 1, strong nose
a: Bend Time, Temporal Distortion, Slouch, Step From Time, Renounce Religion,
Evoke Flight


You were on level 2 of the Orcish Mines.
You worshipped Cheibriados.
Cheibriados was exalted by your worship.
You were hungry.

You visited 3 branches of the dungeon, and saw 18 of its levels.
You also visited: Gauntlet, Ice Cave and Volcano.

You collected 2896 gold pieces.
You spent 2327 gold pieces at shops.

Inventory:

Hand Weapons
 K - the +6 war axe of Abomination {protect, *Corrode rElec Int+2}
   (You found it on level 12 of the Dungeon)

   It protects the one who uses it against injury (+AC on strike).
   It affects your intelligence (+2).
   It insulates you from electricity.
   It may corrode you when you take damage.
 U - a +2 longbow of flaming
Missiles
 a - 693 arrows
 t - a throwing net (quivered)
 H - 17 javelins of penetration
Armour
 j - the +7 chain mail of Xaschiepo (worn) {rF+ Int+6}
   (You bought it in a shop on level 14 of the Dungeon)

   It affects your intelligence (+6).
   It protects you from fire.
 y - a +0 pair of boots of flying (worn)
 B - the +2 hat of Emaseq (worn) {+Fly rF++ Dex-3 SInv}
   (You found it in a volcano)

   It affects your dexterity (-3).
   It greatly protects you from fire.
   It lets you see invisible.
   It lets you fly.
 P - the +5 shield of Watchfulness (worn) {Int+4}
   (You took it off a minotaur in a Gauntlet)

   It affects your intelligence (+4).
 T - a +2 pair of gloves of strength (worn)
Jewellery
 g - an uncursed ring of protection from fire
 r - a ring of resist corrosion (left hand)
 D - an uncursed ring of ice
 J - the amulet of Vitality (around neck) {Regen+ HP+15}
   (You bought it in a shop on level 14 of the Dungeon)

   [amulet of regeneration]

   It affects your health (+15).
   It increases your rate of regeneration.
 N - a ring of protection from magic (right hand)
Wands
 x - a wand of acid (6)
 G - a wand of flame (42)
 Q - a wand of paralysis (12)
 R - a wand of polymorph (10)
Scrolls
 c - 2 scrolls of remove curse
 e - 7 scrolls of teleportation
 o - a scroll of blinking
 p - 3 scrolls of enchant armour
 E - a scroll of fear
 I - a scroll of fog
Potions
 h - a potion of invisibility
 i - 2 potions of flight
 k - a potion of experience {unknown}
 l - 3 potions of mutation
 m - 3 potions of curing
 q - 2 potions of resistance
 s - a potion of lignification
 v - 4 potions of haste
 w - 2 potions of magic
 z - a potion of cancellation
 F - 2 potions of might
 L - 2 potions of agility
 O - 2 potions of brilliance
Miscellaneous
 b - a box of beasts
Comestibles
 d - 22 rations


   Skills:
 + Level 9.7 Fighting
 + Level 9.3 Short Blades
 + Level 9.3 Long Blades
 + Level 9.3 Axes
 + Level 9.3 Maces & Flails
 + Level 9.3 Polearms
 + Level 9.3 Staves
 + Level 9.3 Slings
 + Level 9.3 Bows
 + Level 9.3 Crossbows
 + Level 9.3 Throwing
 + Level 9.3 Armour
 + Level 10.3 Dodging
 + Level 9.3 Stealth
 + Level 9.3 Shields
 + Level 11.2 Unarmed Combat
 + Level 10.5 Spellcasting
 + Level 7.8 Conjurations
 + Level 7.8 Hexes
 + Level 7.8 Charms
 + Level 7.8 Summonings
 + Level 7.8 Necromancy
 + Level 7.8 Translocations
 + Level 8.7 Transmutations
 + Level 7.8 Fire Magic
 + Level 7.8 Ice Magic
 + Level 7.8 Air Magic
 + Level 7.8 Earth Magic
 + Level 7.8 Poison Magic
 + Level 10.1 Invocations
 + Level 9.3 Evocations


You had 11 spell levels left.
You knew the following spells:

 Your Spells              Type           Power        Failure   Level  Hunger
a - Beastly Appendage     Tmut           ######       1%          1    None
b - Sticks to Snakes      Tmut           #######.     1%          2    None
c - Spider Form           Tmut/Pois      #######...   1%          3    None
d - Ice Form              Ice/Tmut       #######.     3%          4    None
e - Blade Hands           Tmut           #######...   7%          5    None
f - Airstrike             Air            #######...   3%          4    None
g - Summon Lightning Spi  Summ/Air       #######.     3%          4    None

Your spell library contained the following spells:

 Spells                   Type           Power        Failure   Level  Hunger
 Corona                   Hex            #######      1%          1    None
 Shock                    Conj/Air       ####         1%          1    None
 Summon Small Mammal      Summ           ####         1%          1    None
 Call Imp                 Summ           #######.     1%          2    None
 Ensorcelled Hibernation  Hex/Ice        ######       1%          2    None
 Swiftness                Chrm/Air       #######.     1%          2    None
 Call Canine Familiar     Summ           #######.     1%          3    None
 Confuse                  Hex            #######.     1%          3    None
 Dazzling Spray           Conj/Hex       ######       1%          3    None
 Gell's Gravitas          Tloc           #######...   1%          3    None
 Portal Projectile        Hex/Tloc       ######       1%          3    None
 Static Discharge         Conj/Air       #######.     1%          3    None
 Summon Guardian Golem    Hex/Summ       #######.     1%          3    None
 Tukima's Dance           Hex            #######.     1%          3    None
 Force Lance              Conj/Tloc      #######.     3%          4    None
 Summon Ice Beast         Ice/Summ       #######.     3%          4    None
 Bolt of Magma            Conj/Fire/Erth #######...   11%         5    None
 Iskenderun's Battlesphe  Conj/Chrm      #######.     11%         5    None
 Lightning Bolt           Conj/Air       #######...   11%         5    None
 Venom Bolt               Conj/Pois      #######...   11%         5    None
 Dispersal                Tloc           #######...   50%         6    ###....
 Iron Shot                Conj/Erth      #######...   50%         6    ###....
 Orb of Destruction       Conj           #######...   97%         7    #####..
 Spellforged Servitor     Conj/Summ      #######...   97%         7    #####..
 Controlled Blink         Tloc           N/A          100%        8    ######.
 Disjunction              Tloc           #######...   100%        8    ######.


Dungeon Overview and Level Annotations

Branches:
Dungeon (15/15)            Temple (1/1) D:6             Orc (2/2) D:10
    Elf (0/3) Orc:2        Vaults (0/5) D:13         Depths (0/5) D:15
   Lair: D:8-11

Altars:
Ashenzari
Cheibriados
Dithmenos
Elyvilon
Fedhas
Gozag
Hepliaklqana
Kikubaaqudgha
Makhleb
Nemelex Xobeh
Okawaru
Qazlal
Ru
Sif Muna
Trog
Uskayaw
Vehumet
Wu Jian
Xom
Yredelemnul
Zin
The Shining One
Beogh

Shops:
D:6 (   D:7 *   D:14 *%[=[   Orc:1 %   Orc:2 (


Innate Abilities, Weirdness & Mutations

Your experience applies equally to all skills.
You have very sharp teeth.
Your uncanny sense of smell can sniff out nearby items.


Message History

The orc wizard shouts!
You feel better.
The orc wizard points at you and mumbles some strange words.
The magic dart hits you but does no damage.
Unknown command.
Okay, then.
As you read the scroll of teleportation, it crumbles to dust.
You feel strangely unstable.
Unknown command.
The orc high priest no longer looks unusually strong.
Something hits your lightning spire but does no damage. x2
You block the sun demon's attack.
Unknown command.
Unknown command.
You punch the orc wizard!
The orc wizard is heavily wounded.
You block the orc wizard's attack. The sun demon closely misses you.
Something hits your lightning spire but does no damage.
The soul eater draws from the surrounding life force!
You die...

.[[[.....## ######
.[<.......# ##8)3o#
.[[....#### ##.)##o)3.4#
[)...#.# ###
#..##.ooo...# .....#.##
##.####3##..o##.#.∩#
.....##.###...##..##..##
.# .#
...###...#....##o##o.o o
###.###.......##3##3.o #
..####........##@##...
.### ##.#.....##o#####.
...# ###...............
.>.######.....##.#####..
.....#.#.....###.#
.............###.#
.........##...##.#
.......####...##..
.......# ##.####.


You could see a soul eater, an orc high priest, a sun demon, an orc wizard and a
friendly lightning spire.

Vanquished Creatures
  2 ettins (D:12)
  2 ogre magi (D:15)
  A vault guard (D:13)
  Fannar (Orc:1)
  A fire dragon (D:13)
  2 hydras
  A rakshasa (D:15)
  2 ice dragons (IceCv)
  12 two-headed ogres
  A death scarab (Gauntlet)
  2 centaur warriors
  An alligator (shapeshifter) (D:15)
  An orc high priest (Orc:2)
  A skeletal warrior (D:12)
  A spectral death yak (Gauntlet)
  3 unseen horrors
  A wolf spider (D:15)
  4 deep elf magi
  An orc knight (Orc:2)
  A wolf spider zombie (D:15)
  3 orc sorcerers
  3 ugly things
  2 cyclopes
  2 salamanders (Volcano)
  4 manticores
  2 ice statues (IceCv)
  A smoke demon (Gauntlet)
  2 rime drakes (IceCv)
  2 kobold demonologists (D:14)
  2 komodo dragons
  The ghost of Akransas the Slasher, an amateur MiBe of Trog (D:5)
  2 meliai (D:12)
  7 trolls
  A queen bee (D:12)
  A wolf spider simulacrum (Gauntlet)
  A slime creature (D:12)
  A raiju (shapeshifter) (D:14)
  2 hornets
  5 hippogriffs
  A spriggan (shapeshifter) (D:13)
  A ynoxinul (Gauntlet)
  3 shadows
  A yak (D:12)
  A wraith (D:14)
  4 hungry ghosts
  5 vampire mosquitoes
  An acid dragon (D:14)
  3 hell hounds (Volcano)
  2 soldier ants
  A hornet zombie (D:7)
  12 orc warriors
  3 sky beasts
  16 ice beasts
  2 phantoms
  3 black bears
  14 ogres
  An eye of draining (D:8)
  20 centaurs
  3 big kobolds
  A crocodile (D:13)
  8 bullfrogs
  A spiny frog simulacrum (Gauntlet)
  2 gnoll sergeants
  4 scorpions
  35 killer bees
  6 wights
  6 howler monkeys
  8 crimson imps
  3 centaur zombies
  2 quasits (D:9)
  A wyvern simulacrum (Gauntlet)
  A centaur skeleton (D:5)
  6 hounds
  17 orc wizards
  10 orc priests
  2 iron imps (Gauntlet)
  7 jellies
  4 bullfrog skeletons
  4 iguanas
  12 worker ants
  Natasha (thrice) (D:2)
  2 bullfrog simulacra (Gauntlet)
  2 hound skeletons (D:8)
  A worker ant zombie (D:10)
  15 gnolls
  6 adders
  A shadow imp (D:13)
  6 oozes
  2 adder skeletons
  3 worms
  3 dart slugs
  6 leopard geckos
  69 orcs
  5 bats
  4 goblins
  13 hobgoblins
  4 jackals
  2 quokkas
  A ball python (D:2)
  8 frilled lizards
  24 kobolds
  2 leopard gecko skeletons
  3 rats
507 creatures vanquished.

Vanquished Creatures (collateral kills)
  A minotaur (Gauntlet)
  A hydra (D:15)
  A two-headed ogre (D:9)
  A skeletal warrior (D:12)
  An orc knight (Orc:2)
  2 ugly things
  A slime creature (D:15)
  An orc sorcerer (Orc:2)
  Psyche (D:12)
  A meliai (D:12)
  A hornet (D:12)
  4 orc warriors
  A big kobold (D:10)
  14 killer bees
  3 wights (D:10)
  A howler monkey (D:9)
  3 orc priests (D:10)
  An orc wizard (D:10)
  A worker ant (D:4)
  A gnoll (D:7)
  An adder (D:10)
  A worm (D:2)
  14 orcs
  3 jackals
  A jackal zombie (D:9)
  2 kobolds
  A quokka zombie (D:9)
  2 rats (D:5)
66 creatures vanquished.

Vanquished Creatures (others)
  An orc wizard (Orc:2)
  An orc (Orc:1)
  A plant (D:12)
3 creatures vanquished.

Grand Total: 576 creatures vanquished

Notes
Turn   | Place    | Note
-------+----------+-------------------------------------------
     0 | D:1      | inmateoo the Gnoll Transmuter began the quest for the Orb.
     0 | D:1      | Reached XP level 1. HP: 17/17 MP: 6/6
     3 | D:1      | Noticed an electric eel
     3 | D:1      | Noticed an electric eel
   173 | D:1      | Reached XP level 2. HP: 23/23 MP: 7/7
   354 | D:1      | Learned a level 2 spell: Sticks to Snakes
   403 | D:2      | Reached skill level 5 in Spellcasting
   403 | D:2      | Reached XP level 3. HP: 21/28 MP: 7/9
   412 | D:2      | Learned a level 3 spell: Spider Form
   721 | D:4      | Reached skill level 1 in Invocations
   724 | D:4      | Reached skill level 1 in Short Blades
   724 | D:4      | Reached skill level 1 in Long Blades
   724 | D:4      | Reached skill level 1 in Axes
   724 | D:4      | Reached skill level 1 in Maces & Flails
   724 | D:4      | Reached skill level 1 in Polearms
   724 | D:4      | Reached skill level 1 in Staves
   724 | D:4      | Reached skill level 1 in Slings
   724 | D:4      | Reached skill level 1 in Bows
   724 | D:4      | Reached skill level 1 in Crossbows
   724 | D:4      | Reached skill level 1 in Throwing
   724 | D:4      | Reached skill level 1 in Armour
   724 | D:4      | Reached skill level 1 in Stealth
   724 | D:4      | Reached skill level 1 in Shields
   724 | D:4      | Reached skill level 1 in Evocations
   724 | D:4      | Reached XP level 4. HP: 23/34 MP: 4/11
   813 | D:4      | Found an iron altar of Okawaru.
   815 | D:4      | Found a blossoming altar of Fedhas.
   873 | D:4      | Noticed a phantom
   905 | D:4      | You fall through a shaft for 3 floors!
   917 | D:7      | Noticed a centaur
   924 | D:7      | Killed a centaur
   924 | D:7      | Reached skill level 1 in Conjurations
   924 | D:7      | Reached skill level 1 in Hexes
   924 | D:7      | Reached skill level 1 in Charms
   924 | D:7      | Reached skill level 1 in Summonings
   924 | D:7      | Reached skill level 1 in Necromancy
   924 | D:7      | Reached skill level 1 in Translocations
   924 | D:7      | Reached skill level 1 in Fire Magic
   924 | D:7      | Reached skill level 1 in Ice Magic
   924 | D:7      | Reached skill level 1 in Air Magic
   924 | D:7      | Reached skill level 1 in Earth Magic
   924 | D:7      | Reached skill level 1 in Poison Magic
   924 | D:7      | Reached XP level 5. HP: 20/41 MP: 12/12
  1005 | D:7      | Reached XP level 6. HP: 30/47 MP: 13/13
  1258 | D:7      | Reached skill level 5 in Dodging
  1492 | D:7      | Reached XP level 7. HP: 37/52 MP: 15/15
  1505 | D:7      | Learned a level 4 spell: Ice Form
  1511 | D:7      | Learned a level 5 spell: Blade Hands
  1569 | D:7      | Noticed a hungry ghost
  1590 | D:7      | Killed a hungry ghost
  1590 | D:7      | Reached skill level 7 in Unarmed Combat
  1962 | D:7      | Found Fem Jat's Assorted Antiques.
  1968 | D:7      | Bought a glowing puce potion for 22 gold pieces
  1968 | D:7      | Bought a scroll labeled WIGELO MAWUED for 25 gold pieces
  1968 | D:7      | Bought a fuming sapphire potion for 22 gold pieces
  2373 | D:6      | Reached XP level 8. HP: 60/60 MP: 16/16
  2575 | D:6      | Found a sparkling altar of Nemelex Xobeh.
  2731 | D:6      | Learned a level 4 spell: Airstrike
  2739 | D:6      | Found Rocudel's Antique Weapon Boutique.
  3341 | D:6      | Found a staircase to the Ecumenical Temple.
  3379 | D:6      | Found a basalt altar of Yredelemnul.
  3450 | Temple   | Entered the Ecumenical Temple
  4002 | D:5      | Entered Level 5 of the Dungeon
  4074 | D:5      | Found a runed translucent door.
  4076 | D:5      | Noticed Akransas's ghost (amateur MiBe)
  4165 | D:5      | Reached XP level 9. HP: 63/66 MP: 18/18
  4182 | D:5      | Reached skill level 5 in Transmutations
  4329 | D:5      | Found a snail-covered altar of Cheibriados.
  4341 | D:5      | Became a worshipper of Cheibriados the Contemplative
  4364 | D:5      | Found a runed translucent door.
  5200 | D:3      | Reached * piety under Cheibriados
  5510 | D:3      | Found an ornate altar of the Wu Jian Council.
  5544 | D:3      | Found a shattered altar of Ashenzari.
  5572 | D:3      | Found a stormy altar of Qazlal.
  5628 | D:3      | Found a radiant altar of Vehumet.
  6025 | D:2      | Noticed Natasha
  6035 | D:2      | Killed Natasha
  6295 | D:2      | Found a sacrificial altar of Ru.
  6350 | D:2      | Noticed Natasha
  6357 | D:2      | Killed Natasha
  6415 | D:2      | Noticed Natasha
  6419 | D:2      | Killed Natasha
  6419 | D:2      | Reached ** piety under Cheibriados
  6479 | D:1      | Reached skill level 5 in Fighting
  7202 | D:5      | Killed Akransas's ghost
  7567 | D:8      | Noticed a troll
  7568 | D:8      | Reached skill level 8 in Unarmed Combat
  7579 | D:8      | Killed a troll
  7607 | D:8      | Found a shimmering altar of Xom.
  7665 | D:8      | Reached skill level 5 in Invocations
  7714 | D:8      | Reached *** piety under Cheibriados
  7720 | D:8      | Reached XP level 10. HP: 62/74 MP: 16/20
  8370 | D:8      | Reached skill level 5 in Short Blades
  8370 | D:8      | Reached skill level 5 in Long Blades
  8370 | D:8      | Reached skill level 5 in Axes
  8370 | D:8      | Reached skill level 5 in Maces & Flails
  8370 | D:8      | Reached skill level 5 in Polearms
  8370 | D:8      | Reached skill level 5 in Staves
  8370 | D:8      | Reached skill level 5 in Slings
  8370 | D:8      | Reached skill level 5 in Bows
  8370 | D:8      | Reached skill level 5 in Crossbows
  8370 | D:8      | Reached skill level 5 in Throwing
  8370 | D:8      | Reached skill level 5 in Armour
  8370 | D:8      | Reached skill level 5 in Stealth
  8370 | D:8      | Reached skill level 5 in Shields
  8370 | D:8      | Reached skill level 5 in Evocations
  8415 | D:9      | Noticed a two-headed ogre
  8498 | D:9      | Killed a two-headed ogre
  8504 | D:9      | Reached **** piety under Cheibriados
  8762 | D:9      | Noticed a two-headed ogre
  8787 | D:9      | Killed a two-headed ogre
  8989 | D:9      | Reached ***** piety under Cheibriados
  9004 | D:9      | Learned a level 4 spell: Summon Lightning Spire
  9544 | D:10     | Entered Level 10 of the Dungeon
  9558 | D:10     | Noticed a purple ugly thing
  9571 | D:10     | Killed a purple ugly thing
  9633 | D:10     | Reached XP level 11. HP: 79/82 MP: 22/22
  9957 | D:10     | Reached skill level 9 in Unarmed Combat
 10022 | D:10     | Found a staircase to the Orcish Mines.
 10141 | D:10     | Reached skill level 5 in Conjurations
 10141 | D:10     | Reached skill level 5 in Hexes
 10141 | D:10     | Reached skill level 5 in Charms
 10141 | D:10     | Reached skill level 5 in Summonings
 10141 | D:10     | Reached skill level 5 in Necromancy
 10141 | D:10     | Reached skill level 5 in Translocations
 10141 | D:10     | Reached skill level 5 in Fire Magic
 10141 | D:10     | Reached skill level 5 in Ice Magic
 10141 | D:10     | Reached skill level 5 in Air Magic
 10141 | D:10     | Reached skill level 5 in Earth Magic
 10141 | D:10     | Reached skill level 5 in Poison Magic
 10141 | D:10     | Reached ****** piety under Cheibriados
 10489 | D:11     | Noticed a cyclops
 10496 | D:11     | Killed a cyclops
 10557 | D:11     | You fall through a shaft!
 10580 | D:12     | Noticed Psyche
 10662 | D:12     | Noticed an ettin
 10672 | D:12     | Killed Psyche
 10683 | D:12     | Killed an ettin
 10764 | D:12     | Found a frozen archway.
 10773 | IceCv    | Entered an ice cave
 11025 | IceCv    | Reached XP level 12. HP: 79/91 MP: 24/24
 11204 | IceCv    | Noticed an ice dragon
 11204 | IceCv    | Noticed an ice dragon
 11221 | IceCv    | Killed an ice dragon
 11230 | IceCv    | Killed an ice dragon
 11379 | D:12     | Noticed an ettin
 11394 | D:12     | Killed an ettin
 11967 | D:12     | Got a faintly glowing war axe
 12267 | D:12     | Reached skill level 10 in Unarmed Combat
 12678 | D:13     | Found a gate leading to a gauntlet.
 12706 | Gauntlet | Entered a Gauntlet
 12706 | Gauntlet | Found a transporter.
 12706 | Gauntlet | Found a transporter.
 12706 | Gauntlet | Found a transporter.
 12722 | Gauntlet | Found a transporter.
 12726 | Gauntlet | Found a transporter.
 12746 | Gauntlet | Found a transporter.
 12753 | Gauntlet | Found a large runed translucent door.
 12754 | Gauntlet | Found a large runed translucent door.
 12755 | Gauntlet | Found a large runed translucent door.
 12755 | Gauntlet | Found a large runed translucent door.
 12756 | Gauntlet | Found a runed translucent gate.
 12757 | Gauntlet | Found a transporter.
 12757 | Gauntlet | Found a runed translucent gate.
 12757 | Gauntlet | Noticed a death scarab
 12758 | Gauntlet | Found a runed translucent gate.
 12758 | Gauntlet | Identified the cursed +0 hunting sling of the Stoat {speed,
                  | +Inv rElec rN+++}
 12758 | Gauntlet | Identified the +5 shield of Watchfulness {Int+4}
 12758 | Gauntlet | Noticed a minotaur
 12759 | Gauntlet | Found a large runed translucent door.
 12759 | Gauntlet | Found a large runed translucent door.
 12760 | Gauntlet | Found a large runed translucent door.
 12761 | Gauntlet | Found a large runed translucent door.
 12763 | Gauntlet | Found a transporter.
 12771 | Gauntlet | Found a transporter.
 12788 | Gauntlet | Found a transporter.
 12796 | Gauntlet | Found a transporter.
 12813 | Gauntlet | Found a transporter.
 12842 | Gauntlet | Found a large runed translucent door.
 12843 | Gauntlet | Found a large runed translucent door.
 12844 | Gauntlet | Found a large runed translucent door.
 12844 | Gauntlet | Found a large runed translucent door.
 12844 | Gauntlet | Found a runed translucent door.
 12844 | Gauntlet | Found a runed translucent door.
 12846 | Gauntlet | Found a large runed translucent door.
 12846 | Gauntlet | Found a large runed translucent door.
 12847 | Gauntlet | Found a large runed translucent door.
 12848 | Gauntlet | Found a large runed translucent door.
 12948 | Gauntlet | Got a blackened hat
 12998 | Gauntlet | Identified the +0 hat of the Foremost Souls {Str+8 Dex-4}
                  | (You found it in a Gauntlet)
 13036 | Gauntlet | Got a smoking dire flail
 13051 | Gauntlet | Killed a death scarab
 13051 | Gauntlet | Reached XP level 13. HP: 97/98 MP: 21/26
 13080 | Gauntlet | Killed a minotaur
 13403 | D:13     | Noticed a fire dragon
 13418 | D:13     | Killed a fire dragon
 13483 | D:13     | Noticed a vault guard
 14146 | D:13     | Killed a vault guard
 14203 | D:13     | Found a gate to the Vaults.
 14410 | D:13     | Identified the +6 war axe of Abomination {protect, *Corrode
                  | rElec Int+2} (You found it on level 12 of the Dungeon)
 14598 | D:14     | Found Feetutaa's Armour Emporium.
 14615 | D:14     | Bought the +7 chain mail of Xaschiepo {rF+ Int+6} for 925
                  | gold pieces
 14854 | D:14     | Found Lacua's Assorted Antiques.
 14863 | D:14     | Bought a scroll of teleportation for 69 gold pieces
 15048 | D:14     | Found Retijycs's Food Boutique.
 15084 | D:14     | Found Tateg's Jewellery Shop.
 15103 | D:14     | Found Apext's Armour Shop.
 15165 | D:15     | Entered Level 15 of the Dungeon
 15276 | D:15     | Noticed a rakshasa
 15280 | D:15     | Killed a rakshasa
 15283 | D:15     | Reached skill level 10 in Spellcasting
 15299 | D:15     | Noticed an ogre mage
 15303 | D:15     | Reached XP level 14. HP: 80/108 MP: 22/28
 15409 | D:15     | Found an ancient bone altar of Kikubaaqudgha.
 15437 | D:15     | Reached skill level 10 in Dodging
 15726 | D:15     | Found a staircase to the Depths.
 15970 | D:15     | Reached skill level 11 in Unarmed Combat
 16004 | D:15     | Found a blossoming altar of Fedhas.
 16226 | Orc:1    | Entered Level 1 of the Orcish Mines
 16226 | Orc:1    | Found Siuruuk's Food Shop.
 16318 | Orc:1    | Found a dark tunnel.
 16324 | Volcano  | Entered a volcano
 16426 | Volcano  | Identified a scroll of acquirement
 16664 | Volcano  | Got a transparent hat
 16675 | Volcano  | Identified the +2 hat of Emaseq {+Fly rF++ Dex-3 SInv} (You
                  | found it in a volcano)
 16878 | Orc:2    | Entered Level 2 of the Orcish Mines
 16883 | Orc:2    | Reached skill level 10 in Invocations
 16917 | Orc:2    | Found a roughly hewn altar of Beogh.
 17068 | Orc:1    | Noticed Fannar
 17078 | Orc:1    | Killed Fannar
 17354 | Orc:2    | Found a staircase to the Elven Halls.
 17533 | D:14     | Bought the amulet of Vitality {Regen+ HP+15} for 1264 gold
                  | pieces
 17533 | D:14     | Found the amulet of Vitality {Regen+ HP+15}
 17920 | Orc:2    | Found Siotupsait's Weapon Emporium.
 17942 | Orc:2    | HP: 5/124 [orc high priest/+0 glaive (17)]
 17947 | Orc:2    | Killed from afar by a soul eater

Skill      XL: |  1  2  3  4  5  6  7  8  9 10 11 12 13 14 |
---------------+-------------------------------------------+-----
Spellcasting   | 5 6 7 8 9 10 | 10.5
Invocations    | 1 2 3 4 5 6 7 8 9 10 | 10.1
Short Blades   | 1 2 3 4 5 6 7 8 9 |  9.3
Long Blades    | 1 2 3 4 5 6 7 8 9 |  9.3
Axes           | 1 2 3 4 5 6 7 8 9 |  9.3
Maces & Flails | 1 2 3 4 5 6 7 8 9 |  9.3
Polearms       | 1 2 3 4 5 6 7 8 9 |  9.3
Staves         | 1 2 3 4 5 6 7 8 9 |  9.3
Slings         | 1 2 3 4 5 6 7 8 9 |  9.3
Bows           | 1 2 3 4 5 6 7 8 9 |  9.3
Crossbows      | 1 2 3 4 5 6 7 8 9 |  9.3
Throwing       | 1 2 3 4 5 6 7 8 9 |  9.3
Armour         | 1 2 3 4 5 6 7 8 9 |  9.3
Stealth        | 1 2 3 4 5 6 7 8 9 |  9.3
Shields        | 1 2 3 4 5 6 7 8 9 |  9.3
Evocations     | 1 2 3 4 5 6 7 8 9 |  9.3
Fighting       | 3 4 5 6 7 8 9 |  9.7
Conjurations   | 1 2 3 4 5 6 7 |  7.8
Hexes          | 1 2 3 4 5 6 7 |  7.8
Charms         | 1 2 3 4 5 6 7 |  7.8
Summonings     | 1 2 3 4 5 6 7 |  7.8
Necromancy     | 1 2 3 4 5 6 7 |  7.8
Translocations | 1 2 3 4 5 6 7 |  7.8
Fire Magic     | 1 2 3 4 5 6 7 |  7.8
Ice Magic      | 1 2 3 4 5 6 7 |  7.8
Air Magic      | 1 2 3 4 5 6 7 |  7.8
Earth Magic    | 1 2 3 4 5 6 7 |  7.8
Poison Magic   | 1 2 3 4 5 6 7 |  7.8
Transmutations | 4 5 6 7 8 |  8.7
Dodging        | 5 6 7 8 9 10 | 10.3
Unarmed Combat | 7 8 9 10 11 | 11.2

Action                   |  1- 3 |  4- 6 |  7- 9 | 10-12 | 13-15 || total
-------------------------+-------+-------+-------+-------+-------++-------
Melee: Unarmed           |    31 |    47 |   303 |   649 |   527 ||  1557
       Dagger            |    26 |       |       |       |       ||    26
       Bite              |     5 |     3 |    24 |   100 |   103 ||   235
       Punch             |     1 |       |     7 |    38 |     9 ||    55
       Spear             |       |       |    77 |       |       ||    77
       Kick              |       |       |     5 |       |       ||     5
Throw: Javelin           |       |       |       |     4 |       ||     4
 Cast: Beastly Appendage |     3 |     2 |     2 |       |       ||     7
       Sticks to Snakes  |     4 |    11 |    20 |    29 |     7 ||    71
       Spider Form       |       |     8 |    10 |     2 |       ||    20
       Ice Form          |       |       |     5 |    10 |     1 ||    16
       Blade Hands       |       |       |     1 |     9 |    10 ||    20
       Airstrike         |       |       |       |     4 |     9 ||    13
       Summon Lightning  |       |       |       |     9 |     7 ||    16
Invok: Slouch            |       |       |       |     2 |     3 ||     5
       Step From Time    |       |       |       |       |     1 ||     1
 Abil: End Transformatio |       |       |     1 |     2 |     2 ||     5
       Stop Flying       |       |       |       |       |     1 ||     1
Evoke: Wand              |       |       |       |       |     1 ||     1
  Use: Scroll            |       |     1 |    14 |    12 |    11 ||    38
       Potion            |       |       |     2 |     7 |     3 ||    12
 Stab: Sleeping          |       |       |    10 |     6 |    10 ||    26
       Distracted        |       |       |     1 |     7 |     2 ||    10
  Eat: Chunk             |       |     2 |    15 |     8 |    10 ||    35
       Ration            |       |       |     2 |     1 |       ||     3
Armor: Robe              |     8 |     1 |     1 |       |       ||    10
       Skin              |       |       |    29 |   143 |       ||   172
       Ring mail         |       |       |    39 |    32 |       ||    71
       Troll leather arm |       |       |       |    63 |       ||    63
       Quicksilver drago |       |       |       |       |    48 ||    48
       Chain mail        |       |       |       |       |    98 ||    98
Dodge: Dodged            |    45 |    35 |   234 |   682 |   329 ||  1325
Block: Shield            |       |       |       |       |   457 ||   457
